 Dungeon Crawl Stone Soup version 0.23.2-1-ga50397a6bc (webtiles) character file.

Game seed: 2568267204396333968

8545 OMOHnopBeT the Basher (level 11, -13/101 HPs)
             Began as a Minotaur Fighter on May 3, 2019.
             Was a High Priest of Okawaru.
             Mangled by a white ugly thing (24 damage)
             ... on level 10 of the Dungeon.
             The game lasted 00:28:18 (8794 turns).

OMOHnopBeT the Basher (Minotaur Fighter)            Turns: 8794, Time: 00:28:19

Health: -13/101    AC: 17    Str: 24    XL:     11   Next: 11%
Magic:  24/24      EV:  8    Int:  5    God:    Okawaru [*****.]
Gold:   562        SH:  0    Dex: 10    Spells: 9/10 levels left

rFire    . . .     SeeInvis .   H - +4 great mace (protect)
rCold    . . .     Gourm    .   (shield currently unavailable)
rNeg     + . .     Faith    .   p - +0 plate armour {rN+}
rPois    .         Spirit   .   (helmet restricted)
rElec    .         Reflect  .   D - scarf {repulsion}
rCorr    .         Harm     .   F - +1 pair of gloves
MR       .....                  (no boots)
Stlth    ..........             (no amulet)
HPRegen  0.26/turn              A - ring of attention (curse)
MPRegen  0.19/turn              y - ring of magical power

@: about to teleport, repel missiles
A: retaliatory headbutt, horns 2
a: Heroism, Finesse, Renounce Religion


You were on level 10 of the Dungeon.
You worshipped Okawaru.
Okawaru was extremely pleased with you.
You were not hungry.

You visited 2 branches of the dungeon, and saw 11 of its levels.

You collected 562 gold pieces.

Inventory:

Hand Weapons
 a - a +1 flail
 E - a +0 trident of venom
 H - a +4 great mace of protection (weapon)
Armour
 c - a +0 shield
 p - a +0 plate armour of positive energy (worn)
 D - a scarf of repulsion (worn)
 F - a +1 pair of gloves (worn)
Jewellery
 y - a ring of magical power (right hand)
 A - a cursed ring of attention (left hand)
Wands
 k - a wand of scattershot (5)
 r - a wand of paralysis (8)
 t - a wand of polymorph (15)
 z - a wand of flame (19)
Scrolls
 l - 2 scrolls of fog
 u - a scroll of identify
 x - a scroll of magic mapping
 B - 2 scrolls of teleportation
 C - a scroll of enchant weapon
Potions
 b - a potion of ambrosia
 d - 2 potions of might
 e - a potion of agility
 g - 3 potions of cancellation
 h - a potion of invisibility {unknown}
 i - 5 potions of curing
 j - 2 potions of berserk rage
 m - a potion of magic {unknown}
 o - 4 potions of heal wounds
 q - 2 potions of haste {unknown}
 s - 2 potions of brilliance
 v - 3 potions of flight
 w - a potion of mutation
Comestibles
 f - 18 rations


   Skills:
 + Level 10.8 Fighting
 - Level 11.0 Maces & Flails
 - Level 1.0 Polearms
 + Level 10.6 Armour
 + Level 1.7 Dodging
 - Level 4.7 Shields
 + Level 7.8 Invocations


You had 9 spell levels left.
You knew the following spells:

 Your Spells              Type           Power        Failure   Level  Hunger
a - Confusing Touch       Hex            #.....       99%         1    ##.....

Your spell library contained the following spells:

 Spells                   Type           Power        Failure   Level  Hunger
 Magic Dart               Conj           #...         99%         1    ##.....
 Sandblast                Erth           #.....       99%         1    ##.....
 Blink                    Tloc           N/A          100%        2    ###....
 Call Imp                 Summ           #.......     100%        2    ###....
 Passwall                 Tmut/Erth      #.......     100%        2    ###....
 Slow                     Hex            #.......     100%        2    ###....
 Confuse                  Hex            #.......     100%        3    ####...
 Conjure Flame            Conj/Fire      #.......     100%        3    ####...
 Gell's Gravitas          Tloc           #.........   100%        3    ####...
 Mephitic Cloud           Conj/Pois/Air  #.......     100%        3    ####...
 Stone Arrow              Conj/Erth      #.....       100%        3    ####...
 Petrify                  Tmut/Erth      #.......     100%        4    #####..
 Lee's Rapid Deconstruct  Erth           #.........   100%        5    ######.
 Metabolic Englaciation   Hex/Ice        #.........   100%        5    ######.
 Yara's Violent Unravell  Hex/Tmut       #.........   100%        5    ######.


Dungeon Overview and Level Annotations

Branches:
Dungeon (10/15)            Temple (1/1) D:7            Lair (0/6) D:8
    Orc (0/2) D:9

Altars:
Ashenzari
Cheibriados
Dithmenos
Elyvilon
Fedhas
Gozag
Hepliaklqana
Kikubaaqudgha
Makhleb
Nemelex Xobeh
Okawaru
Qazlal
Ru
Sif Muna
Trog
Uskayaw
Vehumet
Wu Jian
Xom
Yredelemnul
Zin
The Shining One

Annotations:
D:5 2 transporters, NochnoyZador's ghost, novice GrFi
D:9 2 runed translucent doors, exclusion: orange crystal statue


Innate Abilities, Weirdness & Mutations

You reflexively headbutt those who attack you in melee.
You have a pair of horns on your head.


Message History

There is a stone staircase leading up here.
The white ugly thing closely misses you.
The white ugly thing closely misses you.
There is an escape hatch in the ceiling here.
Evoke which item? (* to show all) (? for menu, Esc to quit)
Aiming: Paralyse
Press: ? - help, Shift-Dir - straight line, f - white ugly thing
Aim: a white ugly thing (moderately wounded, chance to defeat MR: 28%)
The white ugly thing easily resists.
The white ugly thing claws you.
* * * LOW HITPOINT WARNING * * *
The white ugly thing freezes you!
* * * LOW HITPOINT WARNING * * *
You feel like a meek peon again. The white ugly thing barely misses you.
You furiously retaliate!
You headbutt the white ugly thing!
As you read the scroll of teleportation, it crumbles to dust.
You feel strangely unstable. The white ugly thing claws you.
* * * LOW HITPOINT WARNING * * *
The white ugly thing freezes you!!
You die...

##.#.###...##.##..........#
###.####......##.########.# #
### #..........# #.# #
#....##.#### #.# # ###....##.#
####.#### #
#.......#.########.......###
#####.#..#..#.##.....#.........#
.........#..#.##.....#.##......#
.....<.........u@....#.####.>..#
.......#.#..#.##.....#.#......##
#####.......#.##.....#.......##
# ####...##.########.#.##.## #
#.####.# #......# # #.####.#
###.#### # ###......# #.# #
#........# #.# #
#.#.#.##.##########.#


You could see a white ugly thing.

Vanquished Creatures
  A hydra (D:8)
  Psyche (D:8)
  A troll (D:9)
  2 dream sheep (D:8)
  A hippogriff (D:7)
  7 yaks (D:8)
  2 basilisks
  2 hungry ghosts
  3 porcupines (D:8)
  A water moccasin (D:7)
  4 orc warriors
  An ice beast (D:7)
  2 sky beasts (D:6)
  4 black bears
  3 necrophages
  4 ogres
  A centaur (D:8)
  2 crocodiles (D:8)
  Blork the orc (D:4)
  7 big kobolds
  4 gnoll sergeants (D:9)
  6 bullfrogs
  A wyvern skeleton (D:10)
  A scorpion (D:8)
  3 killer bees (D:8)
  3 crimson imps
  2 centaur zombies
  2 hounds
  A bullfrog zombie (D:10)
  5 orc wizards
  5 orc priests
  A bullfrog skeleton (D:5)
  A jelly (D:10)
  2 iguanas
  2 centaur skeletons
  Natasha (thrice) (D:4)
  10 worker ants
  A hound zombie (D:8)
  A hound skeleton (D:5)
  2 howler monkey zombies
  2 worker ant zombies
  3 gnolls (D:9)
  12 adders
  A shadow imp (D:5)
  An adder skeleton (D:8)
  3 worms
  5 leopard geckos
  32 orcs
  A ball python (D:5)
  8 giant cockroaches
  6 goblins
  2 hobgoblins (D:1)
  5 jackals
  3 quokkas
  6 bats
  12 frilled lizards
  A jackal skeleton (D:5)
  9 kobolds
  A leopard gecko zombie (D:5)
  A quokka skeleton (D:4)
  A rat (D:3)
221 creatures vanquished.

Vanquished Creatures (others)
  2 fungi (D:8)
2 creatures vanquished.

Grand Total: 223 creatures vanquished

Notes
Turn   | Place    | Note
-------+----------+-------------------------------------------
     0 | D:1      | OMOHnopBeT the Minotaur Fighter began the quest for the
                  | Orb.
     0 | D:1      | Reached XP level 1. HP: 19/19 MP: 0/0
   246 | D:1      | Reached skill level 3 in Maces & Flails
   297 | D:1      | Reached XP level 2. HP: 25/27 MP: 1/1
   317 | D:1      | You fall through a shaft!
   317 | D:2      | Found a shadowy altar of Dithmenos.
  1292 | D:2      | Found an iron altar of Okawaru.
  1292 | D:2      | Found an opulent altar of Gozag.
  1294 | D:2      | Found a shattered altar of Ashenzari.
  1294 | D:2      | Found a glowing silver altar of Zin.
  1299 | D:2      | Found an ancient bone altar of Kikubaaqudgha.
  1309 | D:2      | Reached XP level 3. HP: 23/33 MP: 2/2
  1312 | D:2      | Became a worshipper of Warmaster Okawaru
  1371 | D:2      | Reached skill level 4 in Maces & Flails
  2080 | D:3      | Reached XP level 4. HP: 37/41 MP: 3/3
  2450 | D:3      | Reached skill level 5 in Maces & Flails
  2644 | D:4      | Reached XP level 5. HP: 47/47 MP: 4/4
  2721 | D:4      | Noticed Natasha
  2729 | D:4      | Killed Natasha
  2729 | D:4      | Reached skill level 5 in Fighting
  2766 | D:4      | Noticed Natasha
  2770 | D:4      | Killed Natasha
  2770 | D:4      | Reached skill level 6 in Maces & Flails
  2770 | D:4      | Reached XP level 6. HP: 42/56 MP: 5/5
  2808 | D:4      | Reached * piety under Okawaru
  2894 | D:4      | Reached skill level 5 in Armour
  3132 | D:4      | Noticed Natasha
  3140 | D:4      | Killed Natasha
  3216 | D:4      | Noticed Blork the orc
  3225 | D:4      | Killed Blork the orc
  3239 | D:5      | Entered Level 5 of the Dungeon
  3249 | D:5      | Reached XP level 7. HP: 48/62 MP: 3/6
  3253 | D:5      | Reached skill level 7 in Maces & Flails
  3257 | D:5      | Reached skill level 1 in Invocations
  3539 | D:5      | Found a transporter.
  3655 | D:5      | Found a transporter.
  3655 | D:5      | Noticed NochnoyZador's ghost (novice GrFi)
  3760 | D:5      | Reached ** piety under Okawaru
  3952 | D:6      | Reached skill level 8 in Maces & Flails
  3952 | D:6      | Reached XP level 8. HP: 47/71 MP: 8/8
  4191 | D:6      | Found a sacrificial altar of Ru.
  4643 | D:7      | Noticed a hippogriff
  4651 | D:7      | Killed a hippogriff
  4651 | D:7      | Reached skill level 9 in Maces & Flails
  4830 | D:7      | Reached *** piety under Okawaru
  4841 | D:7      | Found a staircase to the Ecumenical Temple.
  4993 | Temple   | Entered the Ecumenical Temple
  5403 | D:8      | Reached XP level 9. HP: 66/79 MP: 10/10
  5433 | D:8      | Reached skill level 10 in Maces & Flails
  5683 | D:8      | Found a shattered altar of Ashenzari.
  5687 | D:8      | Saw a vision of the Shoals and the Spider Nest.
  5687 | D:8      | Noticed a merfolk
  5687 | D:8      | Noticed a merfolk
  5688 | D:8      | Noticed a merfolk siren
  5690 | D:8      | Noticed a wolf spider
  5718 | D:8      | Noticed Psyche
  5737 | D:8      | Killed Psyche
  5737 | D:8      | Reached **** piety under Okawaru
  5847 | D:8      | Found a staircase to the Lair.
  5856 | D:8      | Reached skill level 11 in Maces & Flails
  5856 | D:8      | Reached skill level 5 in Invocations
  5909 | D:8      | Reached XP level 10. HP: 29/91 MP: 13/13
  6344 | D:8      | Reached ***** piety under Okawaru
  6523 | D:8      | Noticed a three-headed hydra
  6532 | D:8      | Killed a three-headed hydra
  6532 | D:8      | Reached skill level 10 in Fighting
  6794 | D:9      | Found a runed translucent door.
  6853 | D:9      | Reached skill level 10 in Armour
  6876 | D:9      | Found the +10 large shield of Ignorance {rN+ Int-4}
  6881 | D:9      | Found a runed translucent door.
  6944 | D:9      | Noticed an orange crystal statue
  6964 | D:9      | Learned a level 1 spell: Confusing Touch
  6979 | D:9      | Found a staircase to the Orcish Mines.
  7357 | D:9      | Reached skill level 1 in Polearms
  7369 | D:9      | Received a gift from Okawaru
  7864 | D:10     | Entered Level 10 of the Dungeon
  7892 | D:10     | Reached XP level 11. HP: 86/101 MP: 15/15
  7930 | D:10     | Reached skill level 1 in Dodging
  8345 | D:10     | Noticed a white ugly thing
  8367 | D:10     | HP: 2/101 [white ugly thing (27)]
  8794 | D:10     | Mangled by a white ugly thing

Skill      XL: |  1  2  3  4  5  6  7  8  9 10 11 |
---------------+----------------------------------+-----
Maces & Flails | 3 4 5 6 8 9 11 | 11.0
Fighting       | 4 5 6 7 9 10 | 10.8
Armour         | 4 5 6 7 8 10 | 10.6
Invocations    | 2 3 5 7 |  7.8
Shields        | 4 |  4.7
Polearms       | 1 |  1.0
Dodging        | 1 |  1.7

Action                   |  1- 3 |  4- 6 |  7- 9 | 10-12 || total
-------------------------+-------+-------+-------+-------++-------
Melee: Flail             |   117 |   129 |   361 |   108 ||   715
       Headbutt          |    19 |    18 |    62 |    48 ||   147
       Trident           |       |       |       |    50 ||    50
       Great mace        |       |       |       |    80 ||    80
Invok: Heroism           |       |     3 |     6 |     8 ||    17
       Finesse           |       |       |       |     2 ||     2
Evoke: Wand              |       |       |       |     1 ||     1
  Use: Scroll            |       |     5 |     8 |     6 ||    19
  Eat: Chunk             |     4 |     4 |    10 |     8 ||    26
       Ration            |       |       |     1 |     1 ||     2
Armor: Scale mail        |    54 |       |       |       ||    54
       Plate armour      |    30 |    92 |   171 |   144 ||   437
Dodge: Dodged            |    22 |    25 |    59 |    59 ||   165
       Deflected         |       |       |       |     2 ||     2
Block: Shield            |    64 |    66 |   160 |    64 ||   354
